 Dungeon Crawl Stone Soup version 0.25.1-1-g288607f5aa (webtiles) character file.

Game seed: 6047409923841124421

25 protoss039 the Digger (level 2, -1/15 HPs)
             Began as a Deep Elf Earth Elementalist on July 21, 2020.
             Slain by a kobold
             ... wielding a +0 whip
              (4 damage)
             ... on level 1 of the Dungeon.
             The game lasted 00:01:54 (785 turns).

protoss039 the Digger (Deep Elf Earth Elementalist)  Turns: 785, Time: 00:01:55

Health: -1/15      AC:  3    Str:  5    XL:     2   Next: 82%
Magic:  7/8        EV: 13    Int: 19    God:
Gold:   46         SH:  0    Dex: 15    Spells: 6/7 levels left

rFire    . . .     SeeInvis .   h - +0 short sword
rCold    . . .     Gourm    .   (no shield)
rNeg     . . .     Faith    .   c - +0 robe
rPois    .         Spirit   .   (no helmet)
rElec    .         Reflect  .   (no cloak)
rCorr    .         Harm     .   e - +0 pair of gloves
MR       .....                  (no boots)
Stlth    ++........             (no amulet)
HPRegen  0.05/turn              (no ring)
MPRegen  0.11/turn              (no ring)

@: no status effects
A: no striking features
a: no special abilities


You were on level 1 of the Dungeon.
You were not hungry.

You visited 1 branch of the dungeon, and saw 1 of its levels.

You collected 46 gold pieces.

Inventory:

Hand Weapons
 h - a +0 short sword (weapon)
Missiles
 b - 60 stones (quivered)
Armour
 c - a +0 robe (worn)
 e - a +0 pair of gloves (worn)
Scrolls
 i - a scroll of remove curse {unknown}
Potions
 f - a potion of heal wounds {unknown}
 g - a potion of flight {unknown}
 j - a potion of stabbing {unknown}
Comestibles
 a - 4 chunks of flesh
 d - 2 rations


   Skills:
 * Level 2.8 Dodging
 - Level 3.0 Stealth
 + Level 3.3 Spellcasting
   Level 1.1 Transmutations
 + Level 3.9 Earth Magic


You had 6 spell levels left.
You knew the following spells:

 Your Spells              Type           Power        Failure   Level  Hunger
a - Sandblast             Erth           ###...       3%          1    None

Your spell library contained the following spells:

 Spells                   Type           Power        Failure   Level  Hunger
 Passwall                 Tmut/Erth      ##......     8%          2    ##.....
 Stone Arrow              Conj/Erth      ##....       21%         3    ###....
 Petrify                  Tmut/Erth      ##......     45%         4    ####...
 Lee's Rapid Deconstruct  Erth           ###.......   63%         5    ######.


Dungeon Overview and Level Annotations

Branches:
Dungeon (1/15)

Altars:
Nemelex Xobeh


Message History

The kobold throws a stone.
The stone hits you but does no damage.
Some of the chunks of flesh in your inventory have rotted away.
You see here a stone.
A kobold is nearby!
A kobold is nearby!
A kobold is nearby!
A kobold is nearby!
The kobold throws a stone.
The stone misses you. The kobold hits you with a +0 whip.
You closely miss the kobold. The kobold hits you with a +0 whip!
* * * LOW HITPOINT WARNING * * *
Casting: Sandblast (safe; 3% risk of failure)
Confirm with . or Enter, or press ? or * to list all spells.
Aiming: Sandblast (safe; 3% risk of failure)
Press: ? - help, Shift-Dir - straight line, f - kobold
Aim: a kobold, wielding a +0 whip The blast of sand misses the kobold.
b - 60 stones The kobold hits you with a +0 whip.
You die...

#..#.#.............
#..#.##..##>.......
#.(#.....###.......
#..#####...........
#..########........
#..(.....##........
##.#####.##........
#.# #.##.#.#.#..
#@# #.##.#.#.#.#
#K# #....#.#.#.#
#.# #...........
#.# #...##.#.#..
#.. #).....#.#..
#.. #...######..
#.. #...# #.. ####
#...# #.. #...# ##.


You could see a kobold.

Vanquished Creatures
  A dart slug (D:1)
  2 leopard geckos (D:1)
  2 bats (D:1)
  3 giant cockroaches (D:1)
  2 goblins (D:1)
  3 hobgoblins (D:1)
  A ball python (D:1)
  A kobold (D:1)
  4 rats (D:1)
19 creatures vanquished.

Notes
Turn   | Place    | Note
-------+----------+-------------------------------------------
     0 | D:1      | protoss039 the Deep Elf Earth Elementalist began the quest
                  | for the Orb.
     0 | D:1      | Reached XP level 1. HP: 10/10 MP: 6/6
   103 | D:1      | Reached XP level 2. HP: 13/15 MP: 6/8
   333 | D:1      | Found a sparkling altar of Nemelex Xobeh.
   785 | D:1      | Slain by a kobold

Illustrated notes

Levels and vault maps discovered:
D:1:      wander_arrival_desolate, layout_basic,
          nemelex_xobeh_ov_fountains_minmay

Skill      XL: |  1  2 |
---------------+-------+-----
Stealth        | 3 |  3.0
Dodging        | |  2.8
Spellcasting   | |  3.3
Transmutations | |  1.1
Earth Magic    | |  3.9

Action                   || total
-------------------------++-------
Melee: Unarmed           ||     6
       Short sword       ||    33
 Cast: Sandblast         ||    13
 Stab: Sleeping          ||     7
Armor: Robe              ||    20
Dodge: Dodged            ||    24
